 Dungeon Crawl Stone Soup version 0.30-a0-459-g9104f0fc43 (webtiles) character file.

Game seed: 13222397324441921687

6 MackTheKnife the Magician (level 1, -1/13 HPs)
             Began as a Mummy Hedge Wizard on Dec 15, 2022.
             Slain by a gnoll
             ... wielding a +0 club
              (3 damage)
             ... on level 1 of the Dungeon.
             The game lasted 00:00:52 (274 turns).

MackTheKnife the Magician (Mummy Hedge Wizard)       Turns: 274, Time: 00:00:52

Health: -1/13      AC:  2    Str: 13    XL:     1   Next: 75%
Magic:  3/5        EV: 12    Int: 13    God:
Gold:   9          SH:  0    Dex: 11    Spells: 7/8 levels left

rFire   x . .      SeeInvis .    a - +0 dagger {short}
rCold   + . .      Faith    +    (no shield)
rNeg    + + +      Spirit   .    b - +0 robe
rPois   ∞          Reflect  .    c - +0 hat
rElec   .          Harm     .    (no cloak)
rCorr   .          Rampage  .    (no gloves)
Will    .....                    (no boots)
Stlth   ++........               (no amulet)
HPRegen 0.22/turn                e - +4 ring of slaying
MPRegen 0.09/turn                (no ring)

@: no status effects
A: cold resistance 1, negative energy resistance 3, torment resistance 2, heat
vulnerability 1, no potions, faith
a: no special abilities


You were on level 1 of the Dungeon.
You visited 1 branch of the dungeon, and saw 1 of its levels.

You collected 9 gold pieces.


Innate Abilities, Weirdness & Mutations

You are immune to poison.
Your flesh is cold resistant. (rC+)
You are immune to negative energy. (rN+++)
You are immune to unholy pain and torment.
You are vulnerable to heat. (rF-)
You do not drink.
You have a special connection with the divine. (Faith)


   Skills:
 - Level 1.5 Dodging
 - Level 1.5 Stealth
 + Level 4.2 Spellcasting
 + Level 1.1 Conjurations
 - Level 0.7 Summonings
 - Level 0.7 Translocations


You had 7 spell levels left.
You knew the following spells:

 Your Spells              Type           Power      Damage    Failure   Level
a - Magic Dart            Conj           20%        1d4       13%         1

Your spell library contained the following spells:

 Spells                   Type           Power      Damage    Failure   Level
 Slow                     Hex            8%         N/A       21%         1
 Blink                    Tloc           8%         N/A       22%         2
 Call Imp                 Summ           4%         N/A       22%         2
 Cigotuvi's Dreadful Rot  Necr/Pois/Air  4%         N/A       30%         2
 Mephitic Cloud           Conj/Pois/Air  3%         N/A       45%         3

Inventory:

Hand Weapons
 a - a +0 dagger (weapon) {short}
Missiles
 g - 2 poisoned darts {throwing}
Armour
 b - a +0 robe (worn)
 c - a +0 hat (worn)
 d - a +0 plate armour
   (You found it on level 1 of the Dungeon)
 f - a +0 ring mail
   (You found it on level 1 of the Dungeon)
Jewellery
 e - a +4 ring of slaying (left hand)
   (You found it on level 1 of the Dungeon)

Dungeon Overview and Level Annotations

Branches:
Dungeon (1/15) Zot: 5725

Altars:

######### #.......#
#.......# ###.......#
..........#
##........#
#.###.#######
#.....##....#######
##..#..##.##....@g.#
.>.....##.########..#
##..#...#†# ..#
#..>...#.# .#
#.##....>## #
#.##.#.....##
#..#.##.##..#
###.#.....##.######.
..†.......#.........


You could see a gnoll.


Message History

A ball python comes into view.
Found a stone staircase leading down.
You miscast Magic Dart.
You are very lightly contaminated with residual magic.
Nothing appears to happen. 😎 MP[-1]
You lost 1 mp, and now have 4/5 mp.
The magic dart hits the ball python. 😎 MP[-1]
You lost 1 mp, and now have 3/5 mp.
The magic dart hits the ball python.
You kill the ball python! 😎 MP[-1]
You lost 1 mp, and now have 2/5 mp.
You can't see any susceptible monsters within range! (Use Z to cast anyway.)
Your magical contamination has completely faded away.
You now have 9 gold pieces.
A rat comes into view. 😎 MP[+3]
Your mp is fully restored (5).
A rat is nearby!
The magic dart hits the rat.
You kill the rat!
Your Conjurations skill increases to level 1! 😎 MP[-1]
You lost 1 mp, and now have 4/5 mp.
You can't see any susceptible monsters within range! (Use Z to cast anyway.)
Found a stone staircase leading down. 😎 MP[+1]
Your mp is fully restored (5).
There is a stone staircase leading down here.
A hobgoblin comes into view.
The magic dart hits the hobgoblin.
The hobgoblin shouts! 😎 MP[-1]
You lost 1 mp, and now have 4/5 mp.
The magic dart hits the hobgoblin. 😎 MP[-1]
You lost 1 mp, and now have 3/5 mp.
You miscast Magic Dart.
You are very lightly contaminated with residual magic.
Nothing appears to happen. 😎 MP[-1]
You lost 1 mp, and now have 2/5 mp.
The magic dart hits the hobgoblin. 😎 MP[-1]
You lost 1 mp, and now have 1/5 mp.
The magic dart hits the hobgoblin but does no damage. 😎 MP[-1]
You lost 1 mp, and now have 0/5 mp.
You hit the hobgoblin.
You kill the hobgoblin!
Your magical contamination has completely faded away.
f - a +0 ring mail
g - 2 poisoned darts {throwing} 😎 MP[+5]
Your mp is fully restored (5).
A hobgoblin comes into view.
The hobgoblin shouts!
You hear an angry hiss.
The magic dart hits the hobgoblin. 😎 MP[-1]
You lost 1 mp, and now have 4/5 mp.
The magic dart hits the hobgoblin.
You kill the hobgoblin! 😎 MP[-1]
You lost 1 mp, and now have 3/5 mp.
A frilled lizard comes into view.
A frilled lizard is nearby!
The magic dart hits the frilled lizard.
You kill the frilled lizard! 😎 MP[-1]
You lost 1 mp, and now have 2/5 mp.
You can't see any susceptible monsters within range! (Use Z to cast anyway.)
You see here a hobgoblin corpse.
A gnoll comes into view. It is wielding a +0 club.
The gnoll shouts! 😎 MP[+3]
Your mp is fully restored (5).
The magic dart hits the gnoll but does no damage. 😎 MP[-1]
You lost 1 mp, and now have 4/5 mp.
The magic dart hits the gnoll but does no damage. 😎 MP[-1]
You lost 1 mp, and now have 3/5 mp.
You hit the gnoll. The gnoll barely misses you.
You hit the gnoll.
The gnoll hits you with a +0 club. 😮 HP[-4]
You take 4 damage, and now have 9/13 hp.
MASSIVE DAMAGE!! (PAUSE)
You are too injured to fight recklessly!
You are too injured to fight recklessly!
You are too injured to fight recklessly!
You hit the gnoll. The gnoll hits you with a +0 club!
Ouch! That really hurt!
* * * LOW HITPOINT WARNING * * *
😱 HP[-7]
You take 7 damage, and now have 2/13 hp.
MASSIVE DAMAGE!! (PAUSE)
You hit the gnoll. The gnoll hits you with a +0 club.
You die...

Skill      XL: |  1 |
---------------+----+-----
Conjurations   | 1 |  1.1
Dodging        | |  1.5
Stealth        | |  1.5
Spellcasting   | |  4.2
Summonings     | |  0.7
Translocations | |  0.7

Action                   || total
-------------------------++-------
Melee: Dagger            ||     5
 Cast: Magic Dart        ||    17
Dodge: Dodged            ||     1

Levels and vault maps discovered:
D:1:      beargit_arrival_greenhouse, layout_rooms

Notes
Turn   | Place    | Note
-------+----------+-------------------------------------------
     0 | D:1      | MackTheKnife the Mummy Hedge Wizard began the quest for the
                  | Orb.
     0 | D:1      | Reached XP level 1. HP: 13/13 MP: 5/5
     0 | D:1      | magus.rc [v1.9.6]
   116 | D:1      | Reached skill level 1 in Conjurations
   273 | D:1      | HP: 2/13 [gnoll/+0 club (8)]
   274 | D:1      | Slain by a gnoll

Vanquished Creatures
  A giant cockroach (D:1)
  2 hobgoblins (D:1)
  A ball python (D:1)
  A frilled lizard (D:1)
  A rat (D:1)
6 creatures vanquished.

Table legend:
 A = Non-vault XP
 B = Vault XP
 C = Vault XP percentage of total XP
 D = Non-vault monster count
 E = Vault monster count
 F = Vault count percentage of total count
                 A         B        C        D         E       F
            +---------+---------+-------+---------+---------+-------
      Total |       9 |       0 |   0.0 |       6 |       0 |   0.0
            +---------+---------+-------+---------+---------+-------
        D:1 |       9 |       0 |   0.0 |       6 |       0 |   0.0
            +---------+---------+-------+---------+---------+-------

Illustrated notes

Table legend:
 A = Kills in this place as a percentage of kills in entire the game.
 B = Kills by you in this place as a percentage of kills by you in the entire game.
 C = Kills by friends in this place as a percentage of kills by friends in the entire game.
 D = Other kills in this place as a percentage of other kills in the entire game.
 E = Experience gained in this place as a percentage of experience gained in the entire game.
 F = Experience gained in this place divided by the number of levels of this place that you have seen.
                   A       B       C       D       E      F
               +-------+-------+-------+-------+-------+----------------------
         Total | 100.0 | 100.0 |   N/A |   N/A | 100.0 |   9.0
       Dungeon | 100.0 | 100.0 |   N/A |   N/A | 100.0 |   9.0
               +-------+-------+-------+-------+-------+----------------------

Table legend: (Time is in decaauts)
 A = Elapsed time spent in this place.
 B = Non-inter-level travel time spent in this place.
 C = Inter-level travel time spent in this place.
 D = Time resting spent in this place.
 E = Time spent auto-exploring this place.
 F = Levels seen in this place.
 G = Mean time per level.
                   A        B        C        D        E       F      G
               +--------+--------+--------+--------+--------+-----+--------+
         Total |    273 |    273 |      0 |      0 |    236 |   1 |  273.0 |
       Dungeon |    273 |    273 |      0 |      0 |    236 |   1 |  273.0 |
               +--------+--------+--------+--------+--------+-----+--------+

Top non-repeatable levels by time:
     D:1: 273 daAuts
